 Dungeon Crawl Stone Soup version 0.29.0-7-g18a832c13a (webtiles) character file.

Game seed: 12355409807259629177

312 funkygono the Firebug (level 6, -3/32 HPs)
             Began as a Gargoyle Fire Elementalist on Sept 1, 2022.
             Slain by an orc
             ... wielding a +0 dagger
              (4 damage)
             ... on level 4 of the Dungeon.
             The game lasted 00:07:53 (5295 turns).

funkygono the Firebug (Gargoyle Fire Elementalist)  Turns: 5295, Time: 00:07:54

Health: -3/32      AC:  8    Str: 12    XL:     6   Next: 42%
Magic:  11/11      EV: 12    Int: 17    God:
Gold:   104        SH:  0    Dex: 10    Spells: 1/11 levels left

rFire   . . .      SeeInvis .   g - +3 mace (vorpal)
rCold   . . .      Faith    .   (no shield)
rNeg    + . .      Spirit   .   a - +0 robe
rPois   ∞          Reflect  .   e - +0 helmet
rElec   +          Harm     .   (no cloak)
rCorr   .          Rampage  .   n - +0 pair of gloves
Will    +....                   (no boots)
Stlth   ++........              (no amulet)
HPRegen 0.10/turn               d - ring of willpower
MPRegen 0.12/turn               (no ring)

@: no status effects
A: sickness immunity, AC +4, negative energy resistance 1, electricity
resistance, torment resistance 1, petrification resistance
a: no special abilities


You were on level 4 of the Dungeon.
You visited 1 branch of the dungeon, and saw 5 of its levels.

You collected 153 gold pieces.
You spent 49 gold pieces at shops.

Inventory:

Hand Weapons
 c - a +0 whip
 g - a +3 vorpal mace (weapon)
Armour
 a - a +0 robe (worn)
 e - a +0 helmet (worn)
 n - a +0 pair of gloves (worn)
 p - a +0 leather armour
Jewellery
 d - a ring of willpower (left hand)
Wands
 o - a wand of polymorph (11)
Potions
 b - 2 potions of magic
 f - 2 potions of might
 h - a potion of ambrosia {unknown}
 i - a potion of flight {unknown}
 j - a potion of curing {unknown}
 k - a potion of resistance {unknown}
 m - a potion of invisibility {unknown}


   Skills:
 + Level 0.9 Maces & Flails
 + Level 3.0 Dodging
 + Level 2.9 Stealth
 + Level 3.4 Spellcasting
 + Level 2.7 Conjurations
 + Level 4.2 Fire Magic


You had one spell level left.
You knew the following spells:

 Your Spells              Type           Power      Damage    Failure   Level
a - Foxfire               Conj/Fire      56%        2x1d6     4%          1
b - Scorch                Fire           34%        2d6       4%          2
c - Conjure Flame         Conj/Fire      14%        6-21      12%         3
d - Flame Wave            Conj/Fire      14%        2d6       36%         4

Your spell library contained the following spells:

 Spells                   Type           Power      Damage    Failure   Level
 Magic Dart               Conj           48%        1d5       5%          1
 Shock                    Conj/Air       28%        1d4       10%         1
 Inner Flame              Hex/Fire       10%        N/A       22%         3
 Call Imp                 Summ           2%         N/A       26%         2
 Ignite Poison            Fire/Tmut/Pois 7%         N/A       28%         3
 Mephitic Cloud           Conj/Pois/Air  6%         N/A       34%         3
 Sticky Flame             Conj/Fire      14%        2d4       36%         4
 Call Canine Familiar     Summ           2%         N/A       45%         3
 Portal Projectile        Hex/Tloc       4%         N/A       45%         3
 Swiftness                Air            2%         N/A       45%         3
 Airstrike                Air            1%         2d(1-17)  86%         4
 Leda's Liquefaction      Hex/Erth       1%         N/A       86%         4
 Freezing Cloud           Conj/Ice/Air   3%         6-21      97%         5


Dungeon Overview and Level Annotations

Branches:
Dungeon (5/15)
 Temple: D:4-7

Altars:
Elyvilon
Gozag
Uskayaw

Shops:
D:1 [   D:4 :[**


Innate Abilities, Weirdness & Mutations

You are immune to sickness and miasma.
Your stone body is resilient. (AC +4)
You are immune to poison.
You resist negative energy. (rN+)
You are resistant to electric shocks. (rElec)
You are resistant to unholy torment.
You are immune to petrification.


Message History

The orc is heavily wounded.
An iguana comes into view.
Casting: Foxfire (safe; 4% risk of failure)
Confirm with . or Enter, or press ? or * to list all spells.
You don't have enough magic to cast this spell.
You climb upwards.
There is a stone staircase leading down here.
You start resting.
Your magical contamination has completely faded away.
You start resting.
The sentinel's mark upon you fades away.
You start resting.
HP restored.
You start resting.
Magic restored.
You climb downwards.
You hear the hiss of flowing sand.
There is an entrance to an ossuary on this level.
Hurry and find it before the portal is buried!
You hear the slow hiss of a distant avalanche of sand.
The orc hits you with a +0 dagger. The orc hits you but does no damage.
The orc hits you with a +2 short sword of freezing.
The orc freezes you. The iguana closely misses you.
There is a stone staircase leading up here.
Casting: Foxfire (safe; 4% risk of failure)
Confirm with . or Enter, or press ? or * to list all spells.
Okay, then.
The orc closely misses you. The iguana bites you!
The orc hits you with a +2 short sword of freezing!
The orc freezes you. The orc barely misses you.
You climb upwards.
There is a stone staircase leading down here.
Unknown command.
The iguana attacks as you move away! The iguana closely misses you.
The orc closely misses you. The iguana attacks as you move away!
The iguana bites you!
* * * LOW HITPOINT WARNING * * *
The orc attacks as you move away! The orc hits you but does no damage.
The iguana attacks as you move away! The iguana barely misses you.
The orc hits you with a +0 dagger.
You die...

.......<##..#.##.#.# #...#
#.##.##.##....[..#.# #...#
#.##.##........###.# #)..#
..##.#####.#.>.###.# #...#
#.##......(#....)#.########...###
#.####.....#.#......#............
#.# #.........ol8.8.8...........
#.# #.....#.#.#oo⌠.⌠............
..# #.....#....@8.∩.8###.#...#.#
### #########.##.⌠.⌠^# #.#...#.#
#.##8.8.8# #.#...#.# #.########
#.#...#.# ####### #.# ###.......#
......# #.# #...∩...#.# ..###.#
#####.# ###.#.##.##.#
..###.####.....# #........##.#
...........##### #.#.#.......#


You could see an iguana and 3 orcs.

Vanquished Creatures
  An iguana (D:4)
  Ijyb (D:3)
  Natasha (thrice) (D:3)
  An orc wizard (D:5)
  Robin (D:3)
  4 gnolls
  An adder (D:4)
  4 dart slugs
  5 orcs
  9 endoplasms
  17 goblins
  10 hobgoblins
  2 quokkas
  7 ball pythons
  11 bats
  4 frilled lizards (D:2)
  2 kobolds
  4 rats
87 creatures vanquished.

Vanquished Creatures (others)
  236 foxfires
236 creatures vanquished.

Grand Total: 323 creatures vanquished

Notes
Turn   | Place    | Note
-------+----------+-------------------------------------------
     0 | D:1      | funkygono the Gargoyle Fire Elementalist began the quest
                  | for the Orb.
     0 | D:1      | Reached XP level 1. HP: 10/10 MP: 3/3
   425 | D:1      | Reached XP level 2. HP: 15/15 MP: 3/5
   428 | D:1      | Learned a level 2 spell: Scorch
   452 | D:1      | Found Miedufaq's Armour Emporium.
   897 | D:1      | Reached XP level 3. HP: 16/19 MP: 3/6
   901 | D:1      | Learned a level 3 spell: Conjure Flame
  1245 | D:1      | Bought a +0 helmet for 49 gold pieces
  1994 | D:1      | Reached XP level 4. HP: 24/24 MP: 2/7
  2562 | D:2      | Found a faded altar of an unknown god.
  2962 | D:3      | Noticed Natasha
  2966 | D:3      | Killed Natasha
  3090 | D:3      | Reached XP level 5. HP: 28/28 MP: 7/9
  3150 | D:3      | Noticed Natasha
  3158 | D:3      | HP: 1/28 [Natasha (7)]
  3160 | D:3      | Killed Natasha
  3161 | D:3      | Reached skill level 4 in Fire Magic
  3489 | D:3      | Noticed Natasha
  3613 | D:3      | Noticed Robin
  3616 | D:3      | Killed Robin
  3713 | D:3      | Noticed a +0 hand axe
  3713 | D:3      | Noticed a +0 dagger
  3717 | D:3      | Found a hide-covered altar of Uskayaw.
  3777 | D:3      | Killed Natasha
  3983 | D:3      | Noticed Ijyb
  3994 | D:3      | Killed Ijyb
  3995 | D:3      | Reached XP level 6. HP: 32/32 MP: 2/10
  4146 | D:3      | Learned a level 4 spell: Flame Wave
  4173 | D:4      | Found a white marble altar of Elyvilon.
  4224 | D:4      | Found Behesuug's Antique Armour Shoppe.
  4354 | D:4      | Found Sotwoduo's Gadget Gallery.
  4623 | D:4      | Found Nuaseomy's Book Shoppe.
  4899 | D:4      | Found an opulent altar of Gozag.
  4958 | D:4      | Found Vubuof's Assorted Antiques.
  5186 | D:5      | Entered Level 5 of the Dungeon
  5289 | D:5      | Noticed a black bear
  5293 | D:4      | HP: 1/32 [iguana (10)]
  5295 | D:4      | Slain by an orc

Illustrated notes

Levels and vault maps discovered:
D:1:      wander_arrival_chamber, layout_loops_ring, serial_shops, shop
D:2:      layout_basic, nicolae_ecumenical_lake_church
D:3:      layout_basic, dancing_weapons_uskayaw, kennysheep_generic_room_14,
          uniq_ijyb, uniq_natasha, uniq_robin
D:4:      layout_loops_cross, elyvilon_altar_4,
          nicolae_gozag_cash_rules_everything_around_me, serial_shops, shop,
          nicolae_diamond_shop, nicolae_shop_temple_entry_statues_fountains,
          nicolae_shop_gadgets
D:5:      layout_loops_ring, mainiacjoe_overflow_24_doors, enter_ossuary_2,
          roderic_batcave

Skill      XL: |  1  2  3  4  5  6 |
---------------+-------------------+-----
Conjurations   | 2 |  2.7
Dodging        | 2 3 |  3.0
Fire Magic     | 4 |  4.2
Spellcasting   | 3 |  3.4
Maces & Flails | |  0.9
Stealth        | |  2.9

Action                   |  1- 3 |  4- 6 || total
-------------------------+-------+-------++-------
Melee: Mace              |     5 |    15 ||    20
 Cast: Foxfire           |    51 |    80 ||   131
       Scorch            |     4 |    20 ||    24
  Use: Scroll            |     2 |     7 ||     9
 Stab: Sleeping          |     1 |       ||     1
Armor: Robe              |     6 |     8 ||    14
Dodge: Dodged            |    16 |    30 ||    46
